 Dungeon Crawl Stone Soup version 0.21-a0-111-g52d2817 (webtiles) character file.

229 Gorglomux the Chopper (level 6, -6/57 HPs)
             Began as a Hill Orc Abyssal Knight on July 11, 2017.
             Was a Believer of Lugonu.
             Splashed by an orc's acid (15 damage)
             ... on level 3 of the Dungeon.
             The game lasted 00:03:42 (2725 turns).

Gorglomux the Chopper (Hill Orc Abyssal Knight)     Turns: 2725, Time: 00:03:44

Health: -6/57      AC:  2    Str: 17    XL:     6   Next: 3%
Magic:  7/7        EV: 10    Int: 12    God:    Lugonu [**....]
Gold:   89         SH:  3    Dex: 10    Spells: 5/5 levels left

rFire    . . .     SeeInvis .   b - +2 short sword (venom)
rCold    . . .     Gourm    .   e - +0 buckler
rNeg     . . .     Faith    .   A - +0 leather armour
rPois    .         Spirit   .   (no helmet)
rElec    .         Reflect  .   (no cloak)
rCorr    .         Harm     .   f - +2 pair of gloves
MR       .....                  (no boots)
Stlth    +.........             (no amulet)
HPRegen  0.19/turn              (no ring)
MPRegen  0.10/turn              (no ring)

@: corroded
A: no striking features
a: Depart the Abyss, Bend Space, Renounce Religion


You were on level 3 of the Dungeon.
You worshipped Lugonu.
Lugonu was pleased with you.
You were not hungry.

You visited 1 branch of the dungeon, and saw 3 of its levels.
You visited the Abyss 1 time.

You collected 89 gold pieces.

Inventory:

Hand Weapons
 a - a +1 hand axe
 b - a +2 short sword of venom (weapon)
Missiles
 Z - 2 throwing nets (quivered)
Armour
 e - a +0 buckler (worn)
 f - a +2 pair of gloves (worn)
 A - a +0 leather armour (worn)
Jewellery
 j - a cursed ring of teleportation {unknown}
Scrolls
 g - a scroll of enchant armour {unknown}
 h - 3 scrolls of recharging {unknown}
 k - a scroll of magic mapping {unknown}
 C - a scroll of amnesia {unknown}
 Y - a scroll of remove curse {unknown}
Potions
 i - a potion of agility {unknown}
 S - 3 potions of brilliance {unknown}
 T - a potion of haste {unknown}
 V - 2 potions of curing {unknown}
 W - a potion of heal wounds {unknown}
 X - a potion of degeneration {unknown}
Comestibles
 c - 2 bread rations
 z - a meat ration
 R - 2 fruits
 U - 7 chunks of flesh


   Skills:
 + Level 5.9 Fighting
 + Level 6.1 Axes
 - Level 2.1 Armour
 - Level 0.7 Dodging
 - Level 2.4 Invocations


You had 5 spell levels left.
You didn't know any spells.

Dungeon Overview and Level Annotations

Branches:
Dungeon (3/15)

Altars:
Elyvilon

Annotations:
D:3 1 runed door


Message History

Found a stone staircase leading up.
The orc zaps a wand.
The bolt of acid hits you! The acid corrodes you!
You are splashed with acid!
The acid burns!
It is a wand of acid (?/15).
You are too injured to fight recklessly!
You are too injured to fight recklessly!
You are too injured to fight recklessly!
You are too injured to fight recklessly!
You are too injured to fight recklessly!
You are too injured to fight recklessly!
You are too injured to fight recklessly!
You are too injured to fight recklessly!
An orc is nearby!
Unknown command.
The orc barely misses you.
You barely miss the orc. The orc hits you but does no damage.
You barely miss the orc. The orc misses you.
You closely miss the orc.
The orc zaps a wand.
The bolt of acid hits you!
* * * LOW HITPOINT WARNING * * *
You are splashed with acid!
The acid burns!
You die...

##...## ##.....##
##.......##
###..<......#
.'.........+
#.........#
#.......# #@o...#
##...##### ##
#........ ..
#..#####. #. #.)# #.
########..#####
#.###...............
#........##.........
#.†##)##.###...#####


You could see an orc.

Vanquished Creatures
  2 orc wizards (D:3)
  Terence (D:3)
  5 gnolls
  3 adders
  An ooze (D:1)
  2 worms
  A dart slug (D:1)
  A leopard gecko (D:3)
  2 orcs (D:3)
  A ball python (D:1)
  8 giant cockroaches
  4 goblins
  7 hobgoblins
  3 jackals (D:2)
  8 kobolds
  2 quokkas
  5 bats
  3 frilled lizards
  5 rats
64 creatures vanquished.

Notes
Turn   | Place    | Note
-------+----------+-------------------------------------------
     0 | Abyss:1  | Gorglomux the Hill Orc Abyssal Knight began the quest for the Orb.
     0 | Abyss:1  | Reached XP level 1. HP: 19/19 MP: 2/2
    12 | D:1      | Escaped the Abyss
    49 | D:1      | Reached skill level 3 in Axes
   202 | D:1      | Reached XP level 2. HP: 22/27 MP: 3/3
   412 | D:1      | Reached XP level 3. HP: 34/34 MP: 4/4
  1078 | D:2      | Reached skill level 4 in Axes
  1259 | D:2      | Reached ** piety under Lugonu
  1385 | D:2      | Reached XP level 4. HP: 38/41 MP: 5/5
  2069 | D:3      | Found a white marble altar of Elyvilon.
  2098 | D:3      | Found a runed door.
  2189 | D:3      | Noticed Terence
  2203 | D:3      | Killed Terence
  2203 | D:3      | Reached skill level 5 in Axes
  2203 | D:3      | Reached XP level 5. HP: 26/48 MP: 6/6
  2656 | D:3      | Reached skill level 6 in Axes
  2660 | D:3      | Reached XP level 6. HP: 27/57 MP: 7/7
  2725 | D:3      | Splashed by an orc's acid

Vault maps used:
D:1:      minmay_arrival_stair_chambers
D:2:      minmay_pentomino_s2
D:3:      marbit_many_paths, nicolae_overflow_hidden_temple, first_bread,
          uniq_terence, uniq_crazy_yiuf_cottage

Skill      XL: |  1  2  3  4  5 |
---------------+----------------+-----
Axes           | 3 4 5 6 |  6.1
Fighting       | 4 5 |  5.9
Armour         | |  2.1
Dodging        | |  0.7
Invocations    | |  2.4

Action                   |  1- 3 |  4- 6 || total
-------------------------+-------+-------++-------
Melee: Hand axe          |    68 |       ||    68
       Short sword       |    32 |   104 ||   136
       Unarmed           |       |     6 ||     6
  Eat: Chunk             |     1 |     5 ||     6
Armor: Leather armour    |    31 |    29 ||    60
Dodge: Dodged            |    57 |    58 ||   115
Block: Buckler           |    11 |    15 ||    26
